 Dungeon Crawl Stone Soup version 0.26.1-10-gdfb7c7de75 (webtiles) character file.

Game seed: 5428959821956831279

8341 MajorAdolf the Fighter (level 11, -5/92 HPs)
             Began as a Naga Wanderer on Apr 7, 2021.
             Slain by a six-headed hydra (11 damage)
             ... on level 11 of the Dungeon.
             The game lasted 00:24:05 (12753 turns).

MajorAdolf the Fighter (Naga Wanderer)             Turns: 12753, Time: 00:24:06

Health: -5/92      AC: 12    Str: 16    XL:     11   Next: 29%
Magic:  11/11      EV:  7    Int: 20    God:
Gold:   500        SH: 14    Dex: 11    Spells: 10/10 levels left

rFire    . . .     SeeInvis +   f - +0 war axe
rCold    . . .     Faith    .   j - +0 tower shield
rNeg     . . .     Spirit   .   i - +0 swamp dragon scales
rPois    +         Reflect  .   v - +1 helmet {SInv}
rElec    .         Harm     .   (no cloak)
rCorr    .         Rampage  .   l - +0 pair of gloves
Will     ++...                  (no barding)
Stlth    +.........             (no amulet)
HPRegen  0.25/turn              s - ring of willpower
MPRegen  0.12/turn              x - +6 ring of intelligence

@: lethally poisoned (-5 -> -12), very slow
A: large, see invisible, deformed body, frail 1, poison resistance, slowness 2,
spit poison 1, AC +3
a: Spit Poison


You were on level 11 of the Dungeon.
You visited 2 branches of the dungeon, and saw 12 of its levels.

You collected 581 gold pieces.
You spent 81 gold pieces at shops.

Inventory:

Hand Weapons
 f - a +0 war axe (weapon)
 k - the +6 spear "Woved" {antimagic, rElec}
   (You took it off a kobold on level 8 of the Dungeon)

   It reduces the magical energy of the wielder, and disrupts the spells and
   magical abilities of those hit.
   Natural abilities and divine invocations are not affected.
   It insulates you from electricity.
 q - a +1 dagger of holy wrath
Missiles
 b - 110 arrows
 p - 13 poisoned darts (quivered)
Armour
 i - +0 swamp dragon scales (worn)
 j - a +0 tower shield (worn)
 l - a +0 pair of gloves (worn)
 o - a +0 troll leather armour
 v - a +1 helmet of see invisible (worn)
Jewellery
 a - the ring of Uskayaw's Displeasure {Fire *Contam Dex+2 Stlth+}
   (You acquired it on level 7 of the Dungeon)

   [ring of fire]

   It enhances your fire magic.
   It affects your dexterity (+2).
   It protects you from fire.
   It makes you vulnerable to cold.
   It causes magical contamination when unequipped.
   It makes you more stealthy.
 s - a ring of willpower (left hand)
 x - a +6 ring of intelligence (right hand)
Scrolls
 m - 4 scrolls of remove curse
 n - a scroll of identify
 r - a scroll of enchant weapon {unknown}
Potions
 e - a potion of magic
 g - 2 potions of curing
 h - 3 potions of flight
 z - a potion of resistance
Miscellaneous
 c - a tin of tremorstones (inert)


   Skills:
 + Level 8.2 Fighting
 + Level 6.9(7.0) Axes
 - Level 1.0(4.4) Maces & Flails
 - Level 1.0 Bows
 + Level 6.1 Armour
 + Level 5.6 Dodging
 - Level 3.0 Stealth
 + Level 5.8 Shields
 + Level 6.9 Evocations


You had 10 spell levels left.
You didn't know any spells.
Your spell library contained the following spells:

 Spells                   Type           Power        Failure   Level
 Pain                     Necr           0%           94%         1
 Dispel Undead            Necr           0%           100%        4
 Borgnjor's Vile Clutch   Necr/Erth      0%           100%        5
 Simulacrum               Ice/Necr       0%           100%        6


Dungeon Overview and Level Annotations

Branches:
Dungeon (12/15)            Temple (1/1) D:7
   Lair: D:8-11         Orc: D:9-12

Altars:
Ashenzari
Cheibriados
Dithmenos
Elyvilon
Fedhas
Gozag
Hepliaklqana
Kikubaaqudgha
Okawaru
Ru
Sif Muna
Trog
Uskayaw
Wu Jian
Xom
Yredelemnul
Zin
The Shining One

Shops:
D:2 *   D:5 (

Annotations:
D:8 1 runed translucent door, Erica; kthxbai's ghost, novice NaTm
D:9 exclusions: boulder beetle and 1 more exclusion
D:10 Nergalle; Urug


Innate Abilities, Weirdness & Mutations

You cannot wear boots.
Your serpentine skin is tough. (AC +3)
You have supernaturally acute eyesight. (SInv)
Armour fits poorly on your strangely shaped body.
Your system is resistant to poisons. (rPois)
You cover ground very slowly.
You can spit poison.
You are frail. (-10% HP)


Message History

You block the meliai's attack.
The meliai stings you but does no damage.
The meliai barely misses you. The meliai closely misses you.
The meliai calls upon its god to heal the meliai.
The meliai's wounds heal themselves!
You block the meliai's attack.
The meliai stings you but does no damage.
You block the meliai's attack.
The meliai stings you but does no damage.
The meliai hits you but does no damage. The meliai stings you.
* * * LOW HITPOINT WARNING * * *
You are lethally poisoned!
The meliai poisons you!
Your surroundings suddenly seem different.
* * * LOW HITPOINT WARNING * * *
You feel sick.
The six-headed hydra roars!
You block the six-headed hydra's attack. x2
The six-headed hydra bites you!
You die...

# #. ##.######## ##.........# ##
...........#... #...........#
#.........# #.....@...#
######D#### ##..# ###..## #
#...## #. #+##### ###'#########
##'###### ......# #...........#
#........
......####...........####........
......##.'........<....##........


You could see a six-headed hydra.

Vanquished Creatures
  A two-headed ogre (D:9)
  An unseen horror (D:11)
  4 centaur zombies
  Joseph (D:7)
  Maggie (D:7)
  A hellwing (D:8)
  A troll (D:10)
  A hornet (D:10)
  A meliai zombie (D:8)
  2 wyverns
  A water moccasin (D:7)
  2 ice beasts
  2 orc warriors
  A necrophage (D:7)
  A sky beast (D:8)
  3 phantoms
  2 black bears (D:6)
  2 ogres (D:7)
  A centaur (D:6)
  A big kobold (D:7)
  A wyvern zombie (D:10)
  4 bullfrogs
  5 scorpions
  A wyvern skeleton (D:8)
  2 jellies (D:11)
  9 wights
  2 howler monkeys
  3 orc priests (D:10)
  A bullfrog zombie (D:8)
  5 hounds
  5 centaur skeletons
  11 orc wizards
  2 iguanas
  3 worker ants
  A hound skeleton (D:7)
  A worker ant zombie (D:10)
  2 adders
  3 gnolls (D:9)
  3 shadow imps
  2 white imps
  An ufetubus (D:5)
  4 oozes
  2 adder zombies
  A worm (D:2)
  A dart slug (D:1)
  2 leopard geckos
  33 orcs
  2 bat zombies (D:7)
  5 giant cockroaches
  11 goblins
  5 hobgoblins
  14 jackals
  4 bats
  3 frilled lizards
  14 kobolds
  6 rats
  2 rat zombies (D:7)
206 creatures vanquished.

Vanquished Creatures (others)
  An ice beast (D:6)
  A worker ant (D:6)
  A shadow imp (D:8)
  3 bushes (D:6)
  11 withered plants (D:8)
17 creatures vanquished.

Grand Total: 223 creatures vanquished

Notes
Turn   | Place    | Note
-------+----------+-------------------------------------------
     0 | D:1      | MajorAdolf the Naga Wanderer began the quest for the Orb.
     0 | D:1      | MajorAdolf set off with the following items: a +2 shortbow,
                  | 25 arrows, a +0 ring mail, a potion of lignification, a +0
                  | dagger
     0 | D:1      | Reached XP level 1. HP: 22/22 MP: 1/1
    78 | D:1      | Reached XP level 2. HP: 29/30 MP: 2/2
   180 | D:1      | Reached skill level 1 in Axes
   180 | D:1      | Reached XP level 3. HP: 30/36 MP: 3/3
   490 | D:1      | Reached skill level 1 in Evocations
   995 | D:2      | Found a shadowy altar of Dithmenos.
  1008 | D:2      | Reached skill level 1 in Dodging
  1008 | D:2      | Reached XP level 4. HP: 34/44 MP: 4/4
  1012 | D:2      | Reached skill level 1 in Shields
  1271 | D:2      | Found Zin's Purification Station.
  1275 | D:2      | Found a glowing silver altar of Zin.
  1298 | D:2      | Found an iron altar of Okawaru.
  1919 | D:3      | You fall into a shaft and drop 2 floors!
  1919 | D:5      | Entered Level 5 of the Dungeon
  2055 | D:5      | Reached XP level 5. HP: 49/51 MP: 5/5
  2100 | D:5      | Found Irovif's Antique Weapon Emporium.
  2228 | D:5      | Found a white marble altar of Elyvilon.
  2596 | D:6      | Reached XP level 6. HP: 46/58 MP: 6/6
  3016 | D:6      | Noticed an ice beast
  3211 | D:5      | Bought a hand axe for 81 gold pieces
  3727 | D:6      | Noticed a phantom
  3768 | D:6      | Killed a phantom
  3769 | D:6      | Reached skill level 5 in Fighting
  3769 | D:6      | Reached XP level 7. HP: 54/67 MP: 7/7
  3875 | D:6      | Found a shimmering blue altar of Sif Muna.
  4873 | D:7      | Found a sacrificial altar of Ru.
  4911 | D:7      | Reached XP level 8. HP: 70/74 MP: 8/8
  5298 | D:7      | Found an ancient bone altar of Kikubaaqudgha.
  5363 | D:7      | Found a staircase to the Ecumenical Temple.
  5378 | D:7      | Noticed Joseph
  5382 | Temple   | Entered the Ecumenical Temple
  5932 | D:7      | Killed Joseph
  5933 | D:7      | Reached skill level 6 in Fighting
  6099 | D:7      | Reached XP level 9. HP: 47/79 MP: 9/9
  6512 | D:7      | Found a shimmering altar of Xom.
  6519 | D:7      | Found a blossoming altar of Fedhas.
  6545 | D:7      | Found a shadowy altar of Dithmenos.
  6680 | D:7      | Noticed Maggie
  6683 | D:7      | Identified a scroll of acquirement
  6683 | D:7      | Acquired the ring of Uskayaw's Displeasure {Fire *Contam
                  | Dex+2 Stlth+}
  6718 | D:7      | Killed Maggie
  7448 | D:8      | Reached skill level 5 in Axes
  7448 | D:8      | Reached skill level 5 in Evocations
  7527 | D:8      | Noticed a hellwing
  7540 | D:8      | Reached skill level 7 in Fighting
  7540 | D:8      | Reached XP level 10. HP: 94/94 MP: 10/10
  7570 | D:8      | Reached skill level 5 in Armour
  7845 | D:8      | Identified the +6 spear "Woved" {antimagic, rElec}
  7887 | D:8      | Reached skill level 5 in Shields
  8292 | D:7      | Gained mutation: You are frail. (-10% HP) [mutagenic glow]
  8612 | D:8      | You fall into a shaft and drop 2 floors!
  8612 | D:10     | Entered Level 10 of the Dungeon
  9117 | D:9      | Found a broken altar of Ashenzari.
  9165 | D:9      | Reached skill level 5 in Dodging
  9339 | D:9      | Noticed a boulder beetle
  9386 | D:9      | Noticed a two-headed ogre
  9529 | D:9      | Killed a two-headed ogre
 10112 | D:8      | Found a runed translucent door.
 10114 | D:8      | Noticed kthxbai's ghost (novice NaTm)
 10177 | D:8      | Noticed Erica
 10181 | D:8      | Noticed Erica
 10181 | D:8      | Erica changed into Erica the entropy weaver
 10338 | D:8      | Identified the Compendium of the Mountains and Evil Rites
 11171 | D:10     | Noticed Urug
 11185 | D:10     | Reached XP level 11. HP: 42/88 MP: 11/11
 11461 | D:10     | Reached skill level 8 in Fighting
 11764 | D:10     | Noticed Nergalle
 11770 | D:11     | Noticed an unseen horror
 11804 | D:11     | HP: 3/92 [unseen horror (7)]
 11810 | D:11     | HP: 1/92 [unseen horror (6)]
 11812 | D:11     | Killed an unseen horror
 12720 | D:11     | Noticed a six-headed hydra
 12731 | D:12     | Noticed an unseen horror
 12753 | D:11     | Slain by a six-headed hydra

Illustrated notes

Levels and vault maps discovered:
D:1:      psy_arrival_radial02, layout_loops_ring
D:2:      layout_loops_cross, zin_purify, nicolae_overflow_hidden_temple,
          grunt_dithmenos_smoke_and_mirrors
D:3:      minmay_thinvault, layout_loops_ring,
          nemelex_xobeh_ov_fountains_minmay, chequers_ecumenical_altar_island,
          kennysheep_generic_room_9
D:5:      layout_rooms, old_standard_altar, serial_shops, shop
D:6:      minmay_klotski, layout_basic, lemuel_blue_sif_altar,
          lemuel_flamethrower_1
D:7:      layout_loops_ring, lemuel_zombie_altar_kikubaaqudgha,
          grunt_temple_overflow_diamond, minmay_temple_entry_arrows,
          hangedman_ru_absence, uniq_maggie, uniq_joseph
D:8:      cheibrodos_grave_circle, layout_gridville,
          nicolae_qazlal_style_of_elements, erik_lair_dragon,
          ebering_ghost_reflecting_pool, uniq_erica
D:9:      layout_loops_ring, ashenzari_conservatory_becter, nrook_loot_triangle,
          nzn_sisyphean_effort
D:10:     layout_irregular_city, orc_0_dummy, eino_house_with_fridge, uniq_urug,
          uniq_nergalle
D:11:     layout_roguey, item_on_display_b
D:12:     layout_rooms, basic_altar, serial_shops, nicolae_shop_behind_doors,
          minmay_checkered_concentric_circles
Temple:   nicolae_temple_figure_zero

Skill      XL: |  1  2  3  4  5  6  7  8  9 10 11 |
---------------+----------------------------------+-----
Axes           | 1 2 3 4 5 6 |  6.9
Evocations     | 1 2 3 4 5 6 |  6.9
Dodging        | 1 2 3 4 5 |  5.6
Shields        | 1 2 3 4 5 |  5.8
Armour         | 2 3 4 5 6 |  6.1
Fighting       | 5 6 7 8 |  8.2
Maces & Flails | |  1.0
Bows           | |  1.0
Stealth        | |  3.0

Action                   |  1- 3 |  4- 6 |  7- 9 | 10-12 || total
-------------------------+-------+-------+-------+-------++-------
Melee: Hand axe          |       |    42 |    29 |       ||    71
       Dagger            |       |    17 |       |       ||    17
       War axe           |       |       |   270 |   434 ||   704
 Fire: Shortbow          |    68 |   134 |       |       ||   202
 Abil: Spit Poison       |     4 |     5 |    15 |    16 ||    40
Evoke: Wand              |       |     3 |    10 |    16 ||    29
       Tin of tremorston |       |       |       |     2 ||     2
  Use: Scroll            |       |       |    13 |     9 ||    22
       Potion            |       |       |     2 |     8 ||    10
 Stab: Paralysed         |       |       |    17 |    12 ||    29
Armor: Ring mail         |    12 |     1 |       |       ||    13
       Chain mail        |       |   107 |   103 |       ||   210
       Swamp dragon scal |       |       |    52 |   216 ||   268
       Skin              |       |       |    22 |    36 ||    58
Dodge: Dodged            |    25 |    20 |    38 |   109 ||   192
Block: Tower shield      |       |    54 |   241 |   467 ||   762
